 Dungeon Crawl Stone Soup version 0.23-a0-389-g4a5eb33 (webtiles) character file.

122 MisterFreud the Poker (level 5, -1/41 HPs)
             Began as a Merfolk Abyssal Knight on Oct 29, 2018.
             Was a Believer of Lugonu.
             Slain by a worker ant (6 damage)
             ... on level 3 of the Dungeon.
             The game lasted 00:05:14 (1595 turns).

MisterFreud the Poker (Merfolk Abyssal Knight)      Turns: 1595, Time: 00:05:15

Health: -1/41      AC:  3    Str: 13    XL:     5   Next: 6%
Magic:  6/6        EV: 12    Int: 11    God:    Lugonu [**....]
Gold:   231        SH:  0    Dex: 14    Spells: 4/4 levels left

rFire    . . .     SeeInvis +   a - +1 spear
rCold    . . .     Gourm    .   (no shield)
rNeg     . . .     Faith    .   b - +0 leather armour
rPois    .         Spirit   .   (no helmet)
rElec    .         Reflect  .   (no cloak)
rCorr    .         Harm     .   (no gloves)
MR       .....                  (no boots)
Stlth    +.........             (no amulet)
HPRegen  0.13/turn              m - ring of see invisible
MPRegen  0.10/turn              (no ring)

@: confused, lethally poisoned (-1 -> -5)
A: change form in water, swift swim, stealthy swim
a: Depart the Abyss, Bend Space, Renounce Religion


You were on level 3 of the Dungeon.
You worshipped Lugonu.
Lugonu was pleased with you.
You were not hungry.

You visited 1 branch of the dungeon, and saw 3 of its levels.
You visited the Abyss 1 time.

You collected 231 gold pieces.

Inventory:

Hand Weapons
 a - a +1 spear (weapon)
Missiles
 n - 23 arrows
 p - 29 stones (quivered)
Armour
 b - a +0 leather armour (worn)
 u - a +0 helmet
Jewellery
 m - a ring of see invisible (left hand)
 s - an uncursed ring of ice
Wands
 q - a wand of digging (5)
Scrolls
 d - a scroll of magic mapping {unknown}
 h - a scroll of enchant weapon {unknown}
 i - a scroll of remove curse {unknown}
 j - a scroll of immolation {unknown}
 r - a scroll of amnesia {unknown}
Potions
 e - a potion of haste
 f - 2 potions of degeneration
 g - a potion of ambrosia
 k - 2 potions of flight
 o - a potion of mutation {unknown}
Comestibles
 c - 7 rations
 t - 3 chunks of flesh


   Skills:
 - Level 3.2 Fighting
 + Level 7.4 Polearms
 - Level 0.6 Armour
 - Level 2.6 Dodging
 - Level 2.0 Invocations


You had 4 spell levels left.
You didn't know any spells.
Your spell library was empty.

Dungeon Overview and Level Annotations

Branches:
Dungeon (3/15)

Altars:


Message History

You hit the worker ant but do no damage.
The worker ant is severely wounded.
You hit the worker ant but do no damage.
The worker ant is severely wounded.
The worker ant closely misses you.
You barely miss the worker ant.
The worker ant is severely wounded.
The worker ant bites you.
* * * LOW HITPOINT WARNING * * *
You hit the worker ant.
The worker ant is severely wounded.
The worker ant bites you.
* * * LOW HITPOINT WARNING * * *
You are lethally poisoned!
The worker ant poisons you!
You are confused.
You feel invigorated.
* * * LOW HITPOINT WARNING * * *
You feel sick. The worker ant bites you.
You die...

##..## #.######
..... #..$...#
.... #.# .#.#
#a# ...# #####
#@# #..#
#...###.######
...#
#.#............
.#.#
#...###.#######
#..# ##.## #.#
##<# #.# #.#
#)# ####)# ..#
#.# #.)).# .##
#.## #.#### .


You could see a worker ant.

Vanquished Creatures
  Robin (D:3)
  3 adders
  2 oozes
  2 worms
  A dart slug (D:1)
  2 leopard geckos (D:1)
  An orc (D:3)
  A ball python (D:2)
  5 giant cockroaches
  13 goblins
  6 hobgoblins
  4 jackals (D:1)
  8 bats
  A frilled lizard (D:2)
  9 kobolds
  3 rats
62 creatures vanquished.

Notes
Turn   | Place    | Note
-------+----------+-------------------------------------------
     0 | Abyss:1  | MisterFreud the Merfolk Abyssal Knight began the quest for
                  | the Orb.
     0 | Abyss:1  | Reached XP level 1. HP: 18/18 MP: 2/2
    53 | D:1      | Escaped the Abyss
   128 | D:1      | Reached skill level 4 in Polearms
   128 | D:1      | Reached XP level 2. HP: 23/24 MP: 3/3
   196 | D:1      | Reached * piety under Lugonu
   263 | D:1      | Reached skill level 5 in Polearms
   263 | D:1      | Reached XP level 3. HP: 17/29 MP: 4/4
   754 | D:2      | Reached skill level 6 in Polearms
   765 | D:2      | Reached XP level 4. HP: 26/35 MP: 5/5
  1188 | D:2      | Reached ** piety under Lugonu
  1463 | D:3      | Reached skill level 7 in Polearms
  1479 | D:3      | Noticed Robin
  1507 | D:3      | Killed Robin
  1507 | D:3      | Reached XP level 5. HP: 8/41 MP: 6/6
  1594 | D:3      | HP: 1/41 [worker ant (5)]
  1595 | D:3      | Slain by a worker ant

Vault maps used:
D:1:      evilmike_arrival_run_for_it, minmay_three_crescents
D:2:      first_ration, minmay_distorted
D:3:      old_standard_altar, cheibrodos_sewer_entry_bend, uniq_sigmund,
          uniq_grinder, uniq_robin

Skill      XL: |  1  2  3  4 |
---------------+-------------+-----
Polearms       | 4 5 6 7 |  7.4
Fighting       | |  3.2
Armour         | |  0.6
Dodging        | |  2.6
Invocations    | |  2.0

Action                   |  1- 3 |  4- 6 || total
-------------------------+-------+-------++-------
Melee: Spear             |   132 |   111 ||   243
Invok: Depart the Abyss  |     1 |       ||     1
  Use: Scroll            |     2 |     2 ||     4
       Potion            |       |     2 ||     2
 Stab: Distracted        |     1 |       ||     1
       Sleeping          |       |     1 ||     1
  Eat: Chunk             |       |     2 ||     2
Armor: Leather armour    |    25 |    10 ||    35
Dodge: Dodged            |    64 |    30 ||    94

Table legend:
 A = Non-vault XP
 B = Vault XP
 C = Vault XP percentage of total XP
 D = Non-vault monster count
 E = Vault monster count
 F = Vault count percentage of total count
                 A         B        C        D         E       F
            +---------+---------+-------+---------+---------+-------
      Total |     123 |      52 |  29.7 |      43 |      19 |  30.6
            +---------+---------+-------+---------+---------+-------
        D:1 |      47 |      17 |  26.6 |      23 |       7 |  23.3
        D:2 |      52 |       1 |   1.9 |      15 |       1 |   6.2
        D:3 |      24 |      34 |  58.6 |       5 |      11 |  68.8
            +---------+---------+-------+---------+---------+-------
